 Dungeon Crawl Stone Soup version 0.25-a0-94-g9e23508adf (webtiles) character file.

Game seed: 9848616935062817211, levelgen mode: deterministic

16202 Cinder the Severer (level 12, -15/112 HPs)
             Began as a Minotaur Berserker on Nov 11, 2019.
             Was a High Priest of Trog.
             Demolished by a vault guard
             ... wielding a +0 great mace
              (20 damage)
             ... on level 13 of the Dungeon.
             The game lasted 00:31:07 (14376 turns).

Cinder the Severer (Minotaur Berserker)            Turns: 14376, Time: 00:31:07

Health: -15/112    AC: 17    Str: 32 (34) XL:     12   Next: 8%
Magic:  12/13      EV: 17    Int:  4 (5)  God:    Trog [*****.]
Gold:   540        SH:  0    Dex: 13 (16) Spells: 11/11 levels left

rFire    . . .     SeeInvis .   S - +2 battleaxe (venom)
rCold    . . .     Gourm    .   (shield currently unavailable)
rNeg     . . .     Faith    +   I - +0 plate armour
rPois    .         Spirit   .   (helmet restricted)
rElec    .         Reflect  .   K - +0 cloak
rCorr    .         Harm     .   (no gloves)
MR       ++...                  D - +0 pair of boots
Stlth    ..........             u - amulet of faith
HPRegen  1.28/turn              x - +1 ring of evasion
MPRegen  0.13/turn              N - +4 ring of strength

@: mighty, agile, regenerating
A: retaliatory headbutt, horns 2
a: Berserk, Trog's Hand, Brothers in Arms, Renounce Religion


You were on level 13 of the Dungeon.
You worshipped Trog.
Trog was extremely pleased with you.
You were not hungry.

You visited 1 branch of the dungeon, and saw 13 of its levels.
You also visited: Ossuary.

You collected 540 gold pieces.

Inventory:

Hand Weapons
 b - a +0 hunting sling
 g - a +0 war axe
 C - a +1 vampiric whip
 M - a +1 dagger of venom
 S - a +2 battleaxe of venom (weapon)
Missiles
 h - 338 stones (quivered)
 v - 52 sling bullets
 F - a throwing net
Armour
 D - a +0 pair of boots (worn)
 I - a +0 plate armour (worn)
 K - a +0 cloak (worn)
 X - a +0 buckler
Jewellery
 u - an amulet of faith (around neck)
 x - a +1 ring of evasion (left hand)
 N - a +4 ring of strength (right hand)
 U - an uncursed ring of flight
Wands
 e - a wand of scattershot (3)
 k - a wand of random effects (32)
 o - a wand of iceblast (15)
 E - a wand of disintegration (2)
 G - a wand of digging (2)
 R - a wand of clouds (5)
 W - a wand of flame (22)
Scrolls
 d - 2 scrolls of magic mapping
 i - 5 scrolls of teleportation {unknown}
 l - 4 scrolls of noise
 m - 3 scrolls of remove curse
 n - 2 scrolls of immolation
 q - 2 scrolls of enchant weapon {unknown}
 s - a scroll of blinking {unknown}
 w - a scroll of random uselessness {unknown}
 y - 2 scrolls of enchant armour {unknown}
 B - a scroll of fear {unknown}
 H - 2 scrolls of vulnerability {unknown}
 J - 6 scrolls of identify
 P - a scroll of fog {unknown}
 Y - a scroll of amnesia {unknown}
Potions
 f - a potion of might
 p - 2 potions of agility
 r - 4 potions of cancellation
 t - 2 potions of flight
 z - 5 potions of mutation
 A - 2 potions of degeneration
 L - 3 potions of haste {unknown}
 O - 2 potions of berserk rage {unknown}
 Q - 2 potions of curing {unknown}
 T - a potion of lignification {unknown}
 V - 3 potions of brilliance {unknown}
Comestibles
 c - 16 rations


   Skills:
 + Level 12.0 Fighting
 * Level 15.9 Axes
 + Level 10.3 Armour
 - Level 6.0 Dodging
 + Level 2.9 Evocations


You had 11 spell levels left.
You didn't know any spells.
Your spell library contained the following spells:

 Spells                   Type           Power        Failure   Level  Hunger
 Confusing Touch          Hex            #.....       98%         1    ##.....
 Corona                   Hex            #......      98%         1    ##.....
 Freeze                   Ice            #...         98%         1    ##.....
 Ensorcelled Hibernation  Hex/Ice        #.....       99%         2    ###....
 Throw Frost              Conj/Ice       #.....       99%         2    ###....
 Confuse                  Hex            #.......     100%        3    ####...
 Dazzling Spray           Conj/Hex       #.....       100%        3    ####...
 Gell's Gravitas          Tloc           #.........   100%        3    ####...
 Ozocubu's Armour         Chrm/Ice       #.......     100%        3    ####...
 Tukima's Dance           Hex            #.......     100%        3    ####...
 Petrify                  Tmut/Erth      #.......     100%        4    #####..
 Summon Ice Beast         Ice/Summ       #.......     100%        4    #####..
 Throw Icicle             Conj/Ice       #.......     100%        4    #####..
 Metabolic Englaciation   Hex/Ice        #.........   100%        5    ######.
 Yara's Violent Unravell  Hex/Tmut       #.........   100%        5    ######.


Dungeon Overview and Level Annotations

Branches:
Dungeon (14/15)            Temple (0/1) D:6            Lair (0/6) D:9
 Vaults (0/5) D:13        Ossuary (visited)
    Orc: D:9-12

Altars:
Ashenzari
Cheibriados
Fedhas
Gozag
Hepliaklqana
Kikubaaqudgha
Nemelex Xobeh
Okawaru
Xom


Innate Abilities, Weirdness & Mutations

You reflexively headbutt those who attack you in melee.
You have a pair of horns on your head.


Message History

The vault guard hits your two-headed ogre with a +3 war axe!
You hear a shout!
Things that are here:
a bolt; a +0 dagger You hear a shout!
The yaktaur shoots a bolt.
The bolt barely misses you.
An orc comes into view. It is wielding a +0 flail.
A yaktaur comes into view.
You see here a bolt.
You hear two shouts!
An orc comes into view.
The yaktaur shoots a bolt.
The bolt hits you.
* * * LOW HITPOINT WARNING * * *
You see here a bolt.
Unknown command.
As you read the scroll labeled DUHAIS YTHRORGH, it crumbles to dust.
The creatures around you are filled with an inner flame!
It was a scroll of immolation.
The vault guard hits you with a +0 great mace!!
You die...

....$....#...
#........#..F #
#.......[.. ..
#....%c... ...
+(...c.#.# #
##..##......#.#.#
.........>###.#.
##<........oo....
.......@...p....#
.#..#.##p###)####
#. # #c###)###
#().ppO.#
#####.#)# ###)#
#.# #p#


ppe You could see 2 vault guards, 3 yaktaurs and 2 orcs.

Vanquished Creatures
  A vault guard (D:13)
  A two-headed ogre (D:9)
  Nergalle (D:10)
  3 unseen horrors
  Pikel (D:6)
  2 ugly things
  A gargoyle (D:11)
  A komodo dragon (D:9)
  A troll (D:9)
  A meliai (D:13)
  A hippogriff (D:9)
  5 slime creatures (D:10)
  A spriggan (D:7)
  5 yaks (D:10)
  2 humans (D:9)
  2 hungry ghosts
  Menkaure (D:6)
  2 water moccasins
  Duvessa (D:7)
  A sky beast (D:11)
  A slave (D:6)
  5 orc warriors
  A black bear (D:8)
  3 ice beasts
  A necrophage (D:9)
  9 ogres
  7 centaurs
  3 big kobolds (D:8)
  3 bullfrogs
  2 gnoll sergeants
  A water moccasin zombie (D:7)
  Dowan (D:7)
  4 scorpions
  7 killer bees
  4 crimson imps
  5 bullfrog zombies
  6 hounds
  2 centaur zombies (Ossuary)
  A centaur skeleton (D:8)
  8 orc priests
  3 gnoll shamans (D:8)
  2 jellies
  19 orc wizards
  3 iguanas
  8 worker ants
  2 killer bee zombies (Ossuary)
  A hound zombie (Ossuary)
  15 mummies (Ossuary)
  3 worker ant zombies
  9 adders
  14 gnolls
  2 oozes (D:5)
  2 adder zombies (Ossuary)
  An adder skeleton (D:7)
  2 worms
  6 dart slugs
  4 leopard geckos
  27 orcs
  9 bats
  6 giant cockroaches
  8 hobgoblins
  4 jackals (D:9)
  8 kobolds
  5 quokkas
  A ball python (D:3)
  2 frilled lizards
  2 giant cockroach zombies (Ossuary)
  6 goblins
  3 quokka zombies
  5 rats
  A fungus (D:8)
  5 plants (D:8)
296 creatures vanquished.

Vanquished Creatures (collateral kills)
  3 vault guards (D:13)
  2 meliai (D:13)
  A hippogriff (D:13)
  A wyvern (D:13)
  An acid dragon (D:13)
  2 orc warriors (D:13)
  An ogre (D:13)
  An orc wizard (D:13)
  An orc (D:13)
13 creatures vanquished.

Vanquished Creatures (others)
  3 fungi (D:8)
  6 plants
  2 withered plants (Ossuary)
11 creatures vanquished.

Grand Total: 320 creatures vanquished

Notes
Turn   | Place    | Note
-------+----------+-------------------------------------------
     0 | D:1      | Cinder the Minotaur Berserker began the quest for the Orb.
     0 | D:1      | Reached XP level 1. HP: 19/19 MP: 0/0
   252 | D:1      | Reached skill level 4 in Axes
   283 | D:1      | You fall into a shaft and drop 1 floor!
   292 | D:2      | Reached XP level 2. HP: 22/27 MP: 1/1
  1288 | D:2      | Found an opulent altar of Gozag.
  1324 | D:2      | Reached XP level 3. HP: 33/33 MP: 2/2
  1634 | D:2      | Reached ** piety under Trog
  1982 | D:3      | Reached XP level 4. HP: 38/40 MP: 3/3
  1998 | D:3      | Reached skill level 5 in Axes
  2067 | D:3      | Found a shimmering altar of Xom.
  2116 | D:3      | Found a hazy altar of Hepliaklqana.
  2247 | D:3      | Found a sparkling altar of Nemelex Xobeh.
  2669 | D:4      | Noticed a centaur
  2680 | D:4      | Killed a centaur
  2680 | D:4      | Reached XP level 5. HP: 13/47 MP: 4/4
  2954 | D:4      | Reached skill level 6 in Axes
  3038 | D:4      | Reached skill level 5 in Fighting
  3256 | D:3      | Found a shattered altar of Ashenzari.
  3471 | D:4      | Reached XP level 6. HP: 45/56 MP: 5/5
  3896 | D:4      | Reached *** piety under Trog
  4166 | D:5      | Entered Level 5 of the Dungeon
  4214 | D:5      | Reached skill level 7 in Axes
  4321 | D:5      | Reached XP level 7. HP: 62/62 MP: 6/6
  4926 | D:5      | Reached skill level 8 in Axes
  5104 | D:6      | Found an ancient bone altar of Kikubaaqudgha.
  5121 | D:6      | Reached skill level 5 in Dodging
  5157 | D:6      | Found a blossoming altar of Fedhas.
  5163 | D:6      | Noticed Menkaure
  5169 | D:6      | Killed Menkaure
  5169 | D:6      | Reached XP level 8. HP: 25/71 MP: 7/7
  5401 | D:6      | Found a staircase to the Ecumenical Temple.
  5469 | D:6      | Noticed Pikel
  5495 | D:6      | Killed Pikel
  5495 | D:6      | Reached skill level 9 in Axes
  5661 | D:6      | Reached **** piety under Trog
  6101 | D:6      | Reached skill level 10 in Axes
  6570 | D:7      | Reached XP level 9. HP: 81/81 MP: 8/8
  6967 | D:7      | Reached skill level 11 in Axes
  7001 | D:7      | Noticed Duvessa
  7001 | D:7      | Noticed Dowan
  7011 | D:7      | Killed Duvessa
  7011 | D:7      | Reached skill level 5 in Armour
  7019 | D:7      | Killed Dowan
  7019 | D:7      | Reached ***** piety under Trog
  7984 | D:8      | Reached skill level 12 in Axes
  8028 | D:8      | Found a sand-covered staircase.
  8035 | Ossuary  | Entered an ossuary
  8316 | Ossuary  | Received a gift from Trog
  8433 | Ossuary  | Reached XP level 10. HP: 91/91 MP: 9/9
  9982 | D:8      | Reached skill level 13 in Axes
  9993 | D:8      | Received a gift from Trog
 10173 | D:8      | Reached skill level 10 in Fighting
 10627 | D:9      | Found a staircase to the Lair.
 11289 | D:9      | Noticed a two-headed ogre
 11293 | D:9      | Killed a two-headed ogre
 11293 | D:9      | Reached skill level 14 in Axes
 11351 | D:9      | Found a snail-covered altar of Cheibriados.
 11471 | D:9      | Found an iron altar of Okawaru.
 11721 | D:10     | Entered Level 10 of the Dungeon
 11725 | D:10     | Reached XP level 11. HP: 99/100 MP: 10/10
 11934 | D:10     | Killed an unseen horror
 12513 | D:10     | Noticed Nergalle
 12516 | D:10     | Noticed a spectral orc warlord
 12527 | D:10     | Killed Nergalle
 13219 | D:10     | Reached skill level 15 in Axes
 13773 | D:11     | Noticed a purple ugly thing
 13776 | D:11     | Killed a purple ugly thing
 13956 | D:11     | Killed an unseen horror
 13956 | D:11     | Reached skill level 1 in Evocations
 14302 | D:11     | You fall into a shaft and drop 3 floors!
 14309 | D:14     | Noticed a four-headed hydra
 14318 | D:13     | Noticed a cyan ugly thing
 14327 | D:13     | Killed a cyan ugly thing
 14327 | D:13     | Noticed a vault guard
 14330 | D:13     | HP: 4/103 [vault guard/cursed +0 dire flail (19)]
 14332 | D:13     | Found a gate to the Vaults.
 14332 | D:13     | Noticed a vault guard
 14334 | D:13     | Noticed a vault guard
 14334 | D:13     | Noticed a vault guard
 14338 | D:13     | Noticed a vault guard
 14342 | D:13     | Noticed a vault guard
 14345 | D:13     | Killed a vault guard
 14350 | D:13     | Killed an unseen horror
 14350 | D:13     | Reached skill level 10 in Armour
 14350 | D:13     | Noticed a vault guard
 14356 | D:13     | Noticed a deep elf mage
 14357 | D:13     | HP: 4/104 [vault guard/+0 long sword (12)]
 14360 | D:13     | Killed a vault guard
 14362 | D:13     | Reached XP level 12. HP: 6/112 MP: 11/13
 14365 | D:13     | Killed a vault guard
 14370 | D:13     | HP: 4/112 [yaktaur/bolt (5)]
 14372 | D:13     | Received a gift from Trog
 14373 | D:13     | Killed a vault guard
 14375 | D:13     | HP: 4/112 [yaktaur/bolt (5)]
 14376 | D:13     | Demolished by a vault guard

Levels and vault maps discovered:
D:1:      saegor_arrival_simple_d, layout_basic, minivault_4, skrybe_limestone_x
D:2:      layout_basic, lemuel_round_altar
D:3:      minmay_evil_eye, layout_rooms, lemuel_round_altar,
          nemelex_altar_shiori, nicolae_overflow_hidden_temple
D:4:      layout_loops_corners, first_ration
D:5:      layout_basic, lightli_minifort
D:6:      layout_cave_pools, kiku_gazebo_garden_becter,
          fedhas_bush_and_centaur_altar, minmay_temple_entry_mini_moons,
          minmay_crossroads, uniq_menkaure, uniq_pikel
D:7:      layout_basic, the_bakery, uniq_duvessa
D:8:      kennysheep_seaside_town, layout_layer_cave,
          lightli_ossuary_entry_decrepit_ruins
D:9:      layout_basic, okawaru_humans, david_lair_shrubbed, basic_altar
D:10:     layout_grid_maze, uniq_nergalle
D:11:     layout_layer_cave, orc_0_dummy, kennysheep_generic_room_7, uniq_snorg
D:13:     layout_basic, erik_vaults_2
D:14:     layout_rooms, minmay_misc_feat_enclosed, jmf_multi_god_temple

Skill      XL: |  1  2  3  4  5  6  7  8  9 10 11 12 |
---------------+-------------------------------------+-----
Axes           | 4 5 6 7 8 10 12 14 15 | 15.9
Fighting       | 4 5 6 7 9 10 11 12 | 12.0
Armour         | 3 4 6 8 10 | 10.3
Dodging        | 3 4 5 6 |  6.0
Evocations     | 2 |  2.9

Action                   |  1- 3 |  4- 6 |  7- 9 | 10-12 || total
-------------------------+-------+-------+-------+-------++-------
Melee: Hand axe          |    55 |   130 |       |       ||   185
       Headbutt          |    10 |    28 |   124 |   100 ||   262
       Whip              |       |     4 |   572 |   217 ||   793
       Battleaxe         |       |       |       |   211 ||   211
 Fire: Hunting sling     |    20 |       |       |       ||    20
Invok: Berserk           |       |       |     1 |       ||     1
       Brothers in Arms  |       |       |       |     4 ||     4
       Trog's Hand       |       |       |       |     1 ||     1
Evoke: Wand              |       |       |     3 |    10 ||    13
  Use: Scroll            |       |     4 |     6 |     3 ||    13
       Potion            |       |       |       |    11 ||    11
  Eat: Chunk             |     3 |     8 |    14 |    14 ||    39
       Ration            |       |       |     1 |     3 ||     4
Armor: Animal skin       |     5 |       |       |       ||     5
       Leather armour    |     7 |       |       |       ||     7
       Ring mail         |     7 |    26 |    31 |       ||    64
       Plate armour      |       |       |   185 |   198 ||   383
Dodge: Dodged            |    41 |    68 |   239 |   205 ||   553

Table legend:
 A = Non-vault XP
 B = Vault XP
 C = Vault XP percentage of total XP
 D = Non-vault monster count
 E = Vault monster count
 F = Vault count percentage of total count
                 A         B        C        D         E       F
            +---------+---------+-------+---------+---------+-------
      Total |   14871 |    8275 |  35.8 |     223 |      79 |  26.2
            +---------+---------+-------+---------+---------+-------
        D:1 |      29 |       0 |   0.0 |      14 |       0 |   0.0
        D:2 |      56 |       0 |   0.0 |      16 |       0 |   0.0
        D:3 |      65 |       5 |   7.1 |      17 |       3 |  15.0
        D:4 |     444 |       0 |   0.0 |      22 |       0 |   0.0
        D:5 |     390 |     129 |  24.9 |      13 |       4 |  23.5
        D:6 |     274 |     889 |  76.4 |       8 |       5 |  38.5
        D:7 |    1471 |     440 |  23.0 |      34 |       3 |   8.1
        D:8 |    1764 |    1456 |  45.2 |      30 |      23 |  43.4
        D:9 |    1945 |     736 |  27.5 |      17 |       3 |  15.0
       D:10 |    4243 |     796 |  15.8 |      28 |       1 |   3.4
       D:11 |    1443 |     434 |  23.1 |       6 |       1 |  14.3
       D:13 |    2747 |    2694 |  49.5 |      18 |       4 |  18.2
    Ossuary |       0 |     696 | 100.0 |       0 |      32 | 100.0
            +---------+---------+-------+---------+---------+-------
